Map: [ESL] Tropical Sacrifice

Players

Classic

  • Race: Protoss Protoss
  • Spawn Location: 7:00

llllllllllll (herO) - Winner!

  • Race: Protoss Protoss
  • League: Master
  • Spawn Location: 1:00

VOD

Have the link to the VOD?

Description

Time

  • Played on: Oct. 22, 2022, 8:41 a.m.
  • Length: 3:54
Show
View Real Time Build Order
Export as new Build Order

Classic Protoss 

Build Orders: Oracle Opening 

Get SALT Encoding   

  12  0:00  Probe  
  13  0:12  Probe  
  14  0:18  Pylon  
  14  0:24  Probe  
  15  0:37  Gateway  
  15  0:39  Probe (Chrono Boost)  
  16  0:48  Probe (Chrono Boost)  
  16  0:49  Assimilator  
  17  0:53  Probe (Chrono Boost)  
  18  1:05  Probe  
  19  1:17  Probe (Chrono Boost), Assimilator  
  20  1:19  Pylon  
  20  1:24  Cybernetics Core  
  20  1:28  Probe (Chrono Boost)  
  20  1:32  Probe (Chrono Boost)  
  21  1:37  Zealot  
  24  1:43  Probe  
  25  1:49  Pylon  
  25  1:56  Probe  
  26  2:05  Stalker (Chrono Boost)  
  26  2:08  Shield Battery  
  28  2:19  Stargate  
  30  2:41  Probe  
  30  2:47  Pylon  
  28  2:53  Probe  
  28  2:54  Nexus  
  29  3:03  Oracle (Chrono Boost)  
  32  3:08  Probe  
  32  3:10  Stalker  
  33  3:20  Probe  
  34  3:32  Probe  
  35  3:38  Pylon  
Show
View Real Time Build Order
Export as new Build Order

llllllllllll Protoss - Winner!

Build Orders: 1 Gate Expand 

Get SALT Encoding   

  12  0:00  Probe  
  13  0:12  Probe  
  14  0:20  Pylon  
  14  0:24  Probe  
  15  0:38  Probe (Chrono Boost)  
  15  0:39  Gateway  
  16  0:47  Probe (Chrono Boost), Assimilator  
  17  0:53  Probe  
  18  1:05  Probe  
  20  1:26  Nexus  
  19  1:33  Cybernetics Core  
  19  1:35  Probe  
  20  1:42  Zealot  
  22  1:48  Pylon  
  22  1:53  Probe  
  23  2:06  Probe  
  23  2:07  Stalker (Chrono Boost)  
  24  2:14  Shield Battery, Warp Gate (Chrono Boost)  
  25  2:18  Probe  
  26  2:30  Probe  
  26  2:32  Stalker (Chrono Boost)  
  29  2:38  Probe  
  29  2:42  Probe  
  31  2:52  Probe  
  31  2:54  Probe  
  31  2:55  Stalker (Chrono Boost)  
  31  2:58  Gateway  
  35  3:05  Gateway  
  35  3:10  Probe  
  36  3:20  Pylon  
  36  3:22  Stalker  
  38  3:29  Pylon  
  38  3:38  Probe x2  
  38  3:39  Shield Battery  
Tags
 
Add a new tag
Caveats
  • Supply blocks, unpowered buildings, or Contaminate may cause inaccurate times.
  • Supply counts are checked every 10 seconds.